 Dungeon Crawl Stone Soup version 0.22.1-2-g9c5b331383 (webtiles) character file.

4 Adamkad1 the Ducker (level 1, -1/7 HPs)
             Began as a Felid Air Elementalist on Dec 14, 2018.
             Slain by a gnoll
             ... wielding a +0 spear
              (3 damage)
             ... on level 1 of the Dungeon.
             The game lasted 00:01:50 (114 turns).

Adamkad1 the Ducker (Felid Air Elementalist)         Turns: 114, Time: 00:01:50

Health: -1/7       AC:  1    Str:  4    XL:     1   Next: 50%
Magic:  2/4        EV: 18    Int: 16    God:
Gold:   0          SH:  0    Dex: 16    Spells: 3/4 levels left
                                        Lives:  0   Deaths: 0

rFire    . . .     SeeInvis +   (weapon unavailable)
rCold    . . .     Gourm    .   (shield unavailable)
rNeg     . . .     Faith    .   (armour unavailable)
rPois    .         Spirit   .   (helmet unavailable)
rElec    .         Reflect  .   (cloak unavailable)
rCorr    .         Harm     .   (gloves unavailable)
MR       .....                  (boots unavailable)
Stlth    +++.......             (no amulet)
HPRegen  0.02/turn              (no ring)
MPRegen  0.09/turn              (no ring)

@: quick
A: very small, no armour, no weapons or thrown items, stealth, claws 1, fangs 3,
see invisible, carnivore, speed 1, shaggy fur 1, slow metabolism 1, sharp paws
a: no special abilities


You were on level 1 of the Dungeon.
You were not hungry.

You visited 1 branch of the dungeon, and saw 1 of its levels.

Inventory:

Comestibles
 b - a ration


   Skills:
 * Level 2.8 Dodging
 + Level 2.8 Stealth
 * Level 2.0 Spellcasting
 * Level 1.0 Conjurations
 * Level 2.7 Air Magic


You had 3 spell levels left.
You knew the following spells:

 Your Spells              Type           Power        Failure   Level  Hunger
a - Shock                 Conj/Air       #...         10%         1    #......

Your spell library contained the following spells:

 Spells                   Type           Power        Failure   Level  Hunger
 Swiftness                Chrm/Air       #.......     19%         2    ###....
 Static Discharge         Conj/Air       #.......     28%         3    ###....
 Airstrike                Air            ##........   54%         4    #####..
 Lightning Bolt           Conj/Air       #.........   95%         5    ######.


Dungeon Overview and Level Annotations

Branches:
Dungeon (1/15)

Altars:


Innate Abilities, Weirdness & Mutations

You cannot wear armour.
You are incapable of wielding weapons or throwing items.
Your paws allow you to move quietly. (Stealth)
You have sharp claws.
You have razor-sharp teeth.
You have supernaturally acute eyesight. (SInv)
You are carnivorous and can eat meat at any time.
You cover ground quickly.
You are covered in fur. (AC +1)
You have a slow metabolism.
Your sharp claws are effective at attacking unaware monsters.


Message History

Press: ? - help, Shift-Dir - straight line, f - bat
Aim: a bat (moderately wounded)
Okay, then.
The bat hits you but does no damage. The bat misses you.
The goblin hits you with a club.
Ouch! That really hurt!
The bat completely misses you. The bat misses you. The bat closely misses you.
The bat barely misses you. The bat hits you but does no damage.
The bat barely misses you. The goblin hits you with a club.
* * * LOW HITPOINT WARNING * * *
The gnoll barely misses you. The bat barely misses you.
The goblin hits you but does no damage. The gnoll misses you.
The bat hits you but does no damage. The gnoll closely misses you.
The kobold completely misses you. The bat closely misses you.
The gnoll hits you with a spear.
You die...

### #
#............#
##>##
#........K...#
##...######
###..........#
...........
#..........#
...⌠.......
####.........#
...........
#.........####
##...######
#.........###
###'#####
#...........#
........#
#@....>.....#
♣..<..♣..#
#bgK........####
........##
#KK.............
#########
#g..#.......###.
#...#.......#
#...#.......#
#...#.........
#...#......####
#...##.......


You could see a gnoll, a goblin, a bat and 3 kobolds.

Vanquished Creatures
  A dart slug (D:1)
  A goblin (D:1)
2 creatures vanquished.

Notes
Turn   | Place    | Note
-------+----------+-------------------------------------------
     0 | D:1      | Adamkad1 the Felid Air Elementalist began the quest for the
                  | Orb.
     0 | D:1      | Reached XP level 1. HP: 7/7 MP: 4/4
     7 | D:1      | Reached skill level 1 in Conjurations
   114 | D:1      | Slain by a gnoll

Skill      XL: |  1 |
---------------+----+-----
Conjurations   | 1 |  1.0
Dodging        | |  2.8
Stealth        | |  2.8
Spellcasting   | |  2.0
Air Magic      | |  2.7

Action                   || total
-------------------------++-------
Melee: Unarmed           ||     1
 Cast: Shock             ||    10
 Stab: Sleeping          ||     1
Armor: Skin              ||    10
Dodge: Dodged            ||    49
